NWL
LOS ANGELES N (SS-A) DODGERS @ CINCINNATI (SS-A) REDS
07/22/2099
 
TOP OF THE 1ST
Los Angeles N (SS-A) Dodgers batting - Pitching for Cincinnati (SS-A) Reds : RHP Jared Rushing
Pitching: RHP Jared Rushing
Batting: RHB Nate Gillis 0-0: Ball
1-0: Called Strike
1-1: Ball
2-1: SINGLE (Line Drive, 8LS, EV 93.8 MPH)
Batting: RHB Adam Averett 0-0: Called Strike
0-1: Swinging Strike
0-2: Foul Ball, location: 2F
0-2: Ball
1-2: Strikes out looking
Batting: LHB Micah Vogel 0-0: Called Strike
0-1: Ball
Nate Gillis is caught stealing 2nd base 2-6
1-1: Ball
2-1: Ball
3-1: Ground out 5-3 (Groundball, 56, EV 107.5 MPH)
Top of the 1st over - 0 runs, 1 hit, 0 errors, 0 left on base; Los Angeles N (SS-A) 0 - Cincinnati (SS-A) 0
BOTTOM OF THE 1ST
Cincinnati (SS-A) Reds batting - Pitching for Los Angeles N (SS-A) Dodgers : RHP Josh Black
Pitching: RHP Josh Black
Batting: RHB Mike Brenden 0-0: Ground out 4-3 (Groundball, 4S, EV 84.4 MPH)
Batting: RHB Roger Fuentes 0-0: Called Strike
0-1: Ball
1-1: Ball
2-1: Swinging Strike
2-2: Strikes out looking
Batting: RHB Steven Oney 0-0: Swinging Strike
0-1: Swinging Strike
0-2: Ball
1-2: Ball
2-2: Ball
3-2: Foul Ball, location: 2F
3-2: Foul Ball, location: 3F
3-2: Strikes out looking
Bottom of the 1st over - 0 runs, 0 hits, 0 errors, 0 left on base; Los Angeles N (SS-A) 0 - Cincinnati (SS-A) 0
TOP OF THE 2ND
Los Angeles N (SS-A) Dodgers batting - Pitching for Cincinnati (SS-A) Reds : RHP Jared Rushing
Batting: RHB Ivan Morales 0-0: Foul Ball, location: 7LDF
0-1: Ball
1-1: Ball
2-1: Called Strike
2-2: Foul Ball, location: 7LMF
2-2: Ground out 6-3 (Groundball, 6, EV 90.6 MPH)
Batting: RHB Rich Ede 0-0: Ball
1-0: Called Strike
1-1: Swinging Strike
1-2: Strikes out swinging
Batting: LHB Ryan Pavone 0-0: Called Strike
0-1: Ball
1-1: Swinging Strike
1-2: Strikes out swinging
Top of the 2nd over - 0 runs, 0 hits, 0 errors, 0 left on base; Los Angeles N (SS-A) 0 - Cincinnati (SS-A) 0
BOTTOM OF THE 2ND
Cincinnati (SS-A) Reds batting - Pitching for Los Angeles N (SS-A) Dodgers : RHP Josh Black
Batting: SHB Armando Flores 0-0: Foul Ball, location: 9LMF
0-1: Called Strike
0-2: Foul Ball, location: 25FF
0-2: Ball
1-2: Fly out, F8 (Flyball, 78M, EV 91.9 MPH)
Batting: RHB Rob Ford 0-0: Foul Ball, location: 9LDF
0-1: Swinging Strike
0-2: Ball
1-2: Strikes out looking
Batting: RHB Leo Lozoya 0-0: Ball
1-0: Fly out, F3 (Popup, 34S, EV 76.3 MPH)
Bottom of the 2nd over - 0 runs, 0 hits, 0 errors, 0 left on base; Los Angeles N (SS-A) 0 - Cincinnati (SS-A) 0
TOP OF THE 3RD
Los Angeles N (SS-A) Dodgers batting - Pitching for Cincinnati (SS-A) Reds : RHP Jared Rushing
Batting: RHB Steven Thomas 0-0: Foul Ball, location: 9LSF
0-1: Called Strike
0-2: Ball
1-2: SINGLE (Groundball, 3D, EV 103.1 MPH) (infield hit)
Batting: RHB Earl Adams 0-0: Ball
1-0: Called Strike
1-1: Bunt missed!
1-2: SINGLE (Groundball, 34D, EV 101.9 MPH)
Steven Thomas to second
Runner from 2nd tries for 3rd, SAFE, no throw by RF
Batting: LHB Prospero David 0-0: Called Strike
0-1: Ball
1-1: Ball
2-1: Foul Ball, location: 5F
2-2: Strikes out swinging
Batting: RHB Nate Gillis 0-0: Ball
1-0: Fly out, F9 (Flyball, 9LSF, EV 80.0 MPH)
Batting: RHB Adam Averett 0-0: Ball
Wild Pitch!
Steven Thomas scores
Earl Adams to second
1-0: Swinging Strike
1-1: Ball
2-1: SINGLE (Line Drive, 56D, EV 94.4 MPH)
Earl Adams to third
Runner from 3rd tries for Home, SAFE, throw by LF to home
Batting: LHB Micah Vogel 0-0: Ball
1-0: Called Strike
1-1: SINGLE (Groundball, 6D, EV 96.9 MPH)
Adam Averett to second
Runner from 2nd tries for 3rd, SAFE, no throw by CF
Batting: RHB Ivan Morales 0-0: Foul Ball, location: 9LMF
0-1: Ball
1-1: Ball
2-1: Fielders Choice at 2nd, 6-4 (Groundball, 6, EV 86.3 MPH)
Top of the 3rd over - 2 runs, 4 hits, 0 errors, 2 left on base; Los Angeles N (SS-A) 2 - Cincinnati (SS-A) 0
BOTTOM OF THE 3RD
Cincinnati (SS-A) Reds batting - Pitching for Los Angeles N (SS-A) Dodgers : RHP Josh Black
Batting: SHB Kyle Brent 0-0: Called Strike
0-1: Called Strike
0-2: Ball
1-2: Ball
2-2: Foul Ball, location: 2F
2-2: Strikes out swinging
Batting: RHB Chris Savich 0-0: Called Strike
0-1: Ball
1-1: SOLO HOME RUN (Flyball, 9LD, EV 95.6 MPH), Distance : 339 ft
Batting: SHB Adam Perez 0-0: Swinging Strike
0-1: Ball
1-1: Ball
2-1: Ball
3-1: Foul Ball, location: 2F
3-2: Strikes out looking
Batting: RHB Mike Brenden 0-0: Called Strike
0-1: Called Strike
0-2: Foul Ball, location: 3FF
0-2: Ball
1-2: Strikes out swinging
Bottom of the 3rd over - 1 run, 1 hit, 0 errors, 0 left on base; Los Angeles N (SS-A) 2 - Cincinnati (SS-A) 1
TOP OF THE 4TH
Los Angeles N (SS-A) Dodgers batting - Pitching for Cincinnati (SS-A) Reds : RHP Jared Rushing
Batting: RHB Rich Ede 0-0: Ball
1-0: Ball
2-0: Fly out, F5 (Line Drive, 5, EV 74.4 MPH)
Batting: LHB Ryan Pavone 0-0: Ball
1-0: Ball
2-0: Swinging Strike
2-1: Foul Ball, location: 7LDF
2-2: Ball
3-2: Foul Ball, location: 2F
3-2: SINGLE (Line Drive, 3D, EV 101.3 MPH)
Batting: RHB Steven Thomas 0-0: Grounds into double play, 6-4-3 (Groundball, 6, EV 97.5 MPH)
Top of the 4th over - 0 runs, 1 hit, 0 errors, 0 left on base; Los Angeles N (SS-A) 2 - Cincinnati (SS-A) 1
BOTTOM OF THE 4TH
Cincinnati (SS-A) Reds batting - Pitching for Los Angeles N (SS-A) Dodgers : RHP Josh Black
Batting: RHB Roger Fuentes 0-0: Called Strike
0-1: SOLO HOME RUN (Flyball, 89XD, EV 96.3 MPH), Distance : 403 ft
Batting: RHB Steven Oney 0-0: Foul Ball, location: 25FF
0-1: Ground out 5-3 (Groundball, 5, EV 85.0 MPH)
Batting: SHB Armando Flores 0-0: Foul Ball, location: 2F
0-1: Ball
1-1: Swinging Strike
1-2: Reached on error, E4 (Groundball, 4, EV 103.8 MPH)
Batting: RHB Rob Ford 0-0: Called Strike
0-1: Foul Ball, location: 9LSF
0-2: SINGLE (Line Drive, 89S, EV 99.4 MPH)
Armando Flores to second
Batting: RHB Leo Lozoya 0-0: Called Strike
0-1: Ball
1-1: Ball
2-1: Ball
3-1: Base on Balls
Armando Flores to third
Rob Ford to second
Batting: SHB Kyle Brent 0-0: Called Strike
0-1: Foul Ball, location: 2F
0-2: Ball
1-2: Strikes out swinging
Batting: RHB Chris Savich 0-0: Ground out U3 (Groundball, 34S, EV 88.8 MPH)
Bottom of the 4th over - 1 run, 2 hits, 1 error, 3 left on base; Los Angeles N (SS-A) 2 - Cincinnati (SS-A) 2
TOP OF THE 5TH
Los Angeles N (SS-A) Dodgers batting - Pitching for Cincinnati (SS-A) Reds : RHP Jared Rushing
Batting: RHB Earl Adams 0-0: Ball
1-0: Swinging Strike
1-1: Ball
2-1: Fly out, F8 (Flyball, 8RD, EV 106.9 MPH)
Batting: LHB Prospero David 0-0: Called Strike
0-1: Ball
1-1: Ball
2-1: Swinging Strike
2-2: Strikes out looking
Batting: RHB Nate Gillis 0-0: Called Strike
0-1: Hit by Pitch
Batting: RHB Adam Averett 0-0: Ball
1-0: Called Strike
1-1: Ball
2-1: Swinging Strike
2-2: Foul Ball, location: 2F
2-2: Strikes out swinging
Top of the 5th over - 0 runs, 0 hits, 0 errors, 1 left on base; Los Angeles N (SS-A) 2 - Cincinnati (SS-A) 2
BOTTOM OF THE 5TH
Cincinnati (SS-A) Reds batting - Pitching for Los Angeles N (SS-A) Dodgers : RHP Josh Black
Batting: SHB Adam Perez 0-0: Called Strike
0-1: Ball
1-1: Ball
2-1: Ground out 4-3 (Groundball, 4M, EV 105.0 MPH)
Batting: RHB Mike Brenden 0-0: Ball
1-0: Ball
2-0: Called Strike
2-1: Fly out, F8 (Flyball, 8RD, EV 100.0 MPH)
Batting: RHB Roger Fuentes 0-0: Called Strike
0-1: Called Strike
0-2: Strikes out swinging
Bottom of the 5th over - 0 runs, 0 hits, 0 errors, 0 left on base; Los Angeles N (SS-A) 2 - Cincinnati (SS-A) 2
TOP OF THE 6TH
Los Angeles N (SS-A) Dodgers batting - Pitching for Cincinnati (SS-A) Reds : RHP Jared Rushing
Batting: LHB Micah Vogel 0-0: Ball
1-0: Ball
2-0: Swinging Strike
2-1: Ball
3-1: Fly out, F7 (Line Drive, 7, EV 86.9 MPH)
Pitching: RHP Rico Vallejo
Pinch Hitting: LHB Bill Thomas 0-0: Ball
1-0: Foul Ball, location: 3SF
1-1: Swinging Strike
1-2: Foul Ball, location: 2F
1-2: Strikes out swinging
Pinch Hitting: LHB Josh Errickson 0-0: Ball
1-0: Called Strike
1-1: SINGLE (Groundball, 4MD, EV 99.4 MPH)
Batting: LHB Ryan Pavone 0-0: Ball
1-0: Fly out, F9 (Flyball, 9D, EV 97.5 MPH)
Top of the 6th over - 0 runs, 1 hit, 0 errors, 1 left on base; Los Angeles N (SS-A) 2 - Cincinnati (SS-A) 2
BOTTOM OF THE 6TH
Cincinnati (SS-A) Reds batting - Pitching for Los Angeles N (SS-A) Dodgers : RHP Josh Black
Now at 2B: Mike Ludwig
Now at 3B: Bernie Sanchez
Now at SS: Earl Adams
Batting: RHB Steven Oney 0-0: Ball
1-0: Ball
2-0: Called Strike
2-1: Ball
3-1: SINGLE (Line Drive, 6D, EV 105.0 MPH)
Batting: SHB Armando Flores 0-0: Ball
Wild Pitch!
Steven Oney to second
1-0: Intentional Walk
Batting: RHB Rob Ford 0-0: Ball
1-0: Foul Ball, location: 5FF
1-1: Swinging Strike
1-2: Ball
2-2: Ball
3-2: Grounds into double play, 5-4-3 (Groundball, 56, EV 96.3 MPH)
Steven Oney to third
Pitching: RHP Chris Good
Batting: RHB Leo Lozoya 0-0: Foul Ball, location: 9LSF
0-1: Ball
1-1: Ground out 5-3 (Groundball, 5L, EV 108.1 MPH)
Bottom of the 6th over - 0 runs, 1 hit, 0 errors, 1 left on base; Los Angeles N (SS-A) 2 - Cincinnati (SS-A) 2
TOP OF THE 7TH
Los Angeles N (SS-A) Dodgers batting - Pitching for Cincinnati (SS-A) Reds : RHP Rico Vallejo
Pinch Hitting: LHB Greg Weeks 0-0: Fly out, F9 (Flyball, 9S, EV 87.5 MPH)
Batting: RHB Earl Adams 0-0: Ball
1-0: Called Strike
1-1: Ball
2-1: Foul Ball, location: 2F
2-2: Foul Ball, location: 3SF
2-2: Fly out, F7 (Flyball, 7, EV 79.4 MPH)
Batting: LHB Prospero David 0-0: Ball
1-0: Ball
2-0: Called Strike
2-1: Ball
3-1: SINGLE (Line Drive, 6D, EV 96.9 MPH)
Batting: RHB Nate Gillis 0-0: Ball
1-0: Ball
2-0: Swinging Strike
2-1: Foul Ball, location: 2F
2-2: Ball
3-2: Ground out 4-3 (Groundball, 34, EV 83.8 MPH)
Top of the 7th over - 0 runs, 1 hit, 0 errors, 1 left on base; Los Angeles N (SS-A) 2 - Cincinnati (SS-A) 2
BOTTOM OF THE 7TH
Cincinnati (SS-A) Reds batting - Pitching for Los Angeles N (SS-A) Dodgers : RHP Chris Good
Pitching: RHP Juan Salazar
Now at C: Jesse Reed
Batting: SHB Kyle Brent 0-0: Foul Ball, location: 25F
0-1: Called Strike
0-2: Ball
1-2: Strikes out swinging
Pinch Hitting: RHB Josh Stough 0-0: Ground out 3-1 (Groundball, 34, EV 89.4 MPH)
Batting: SHB Adam Perez 0-0: Foul Ball, location: 7LMF
0-1: Swinging Strike
0-2: Ground out 4-3 (Groundball, 4, EV 85.0 MPH)
Bottom of the 7th over - 0 runs, 0 hits, 0 errors, 0 left on base; Los Angeles N (SS-A) 2 - Cincinnati (SS-A) 2
TOP OF THE 8TH
Los Angeles N (SS-A) Dodgers batting - Pitching for Cincinnati (SS-A) Reds : RHP Rico Vallejo
Pitching: LHP Louis Wijker
Now at 3B: Aaron DeMart
Now at SS: Mike Brenden
Batting: RHB Adam Averett 0-0: Called Strike
0-1: Ball
1-1: Foul Ball, location: 9LSF
1-2: Fly out, F9 (Flyball, 9D, EV 103.1 MPH)
Batting: RHB Matt Lewis 0-0: Ball
1-0: Called Strike
1-1: Called Strike
1-2: Ball
2-2: Ball
3-2: SOLO HOME RUN (Line Drive, 9LD, EV 93.8 MPH), Distance : 344 ft
Pinch Hitting: RHB Josh Woodruff 0-0: Ball
1-0: Ball
2-0: Fly out, F9 (Flyball, 9, EV 93.1 MPH)
Batting: RHB Bernie Sanchez 0-0: Ball
1-0: Fly out, F2 (Popup, 3SF, EV 77.5 MPH)
Top of the 8th over - 1 run, 1 hit, 0 errors, 0 left on base; Los Angeles N (SS-A) 3 - Cincinnati (SS-A) 2
BOTTOM OF THE 8TH
Cincinnati (SS-A) Reds batting - Pitching for Los Angeles N (SS-A) Dodgers : RHP Juan Salazar
Now at 2B: Ted Hedrick
Batting: RHB Mike Brenden 0-0: Foul Ball, location: 25F
0-1: Ball
1-1: Called Strike
1-2: Ground out 4-3 (Groundball, 34, EV 85.6 MPH)
Pinch Hitting: RHB Jose Ortiz 0-0: Swinging Strike
0-1: Foul Ball, location: 9LDF
0-2: Hit by Pitch
Batting: RHB Steven Oney 0-0: Ball
1-0: Ball
2-0: SINGLE (Groundball, 34D, EV 95.0 MPH)
Jose Ortiz to second
Runner from 2nd tries for 3rd, SAFE, no throw by RF
Batting: SHB Armando Flores 0-0: Ball
1-0: Ball
2-0: Foul Ball, location: 2F
2-1: Ball
3-1: Base on Balls
Steven Oney to second
Pinch Hitting: LHB Mike Chaparro 0-0: Ball
1-0: Ball
2-0: Foul Ball, location: 2F
2-1: Swinging Strike
2-2: Ball
3-2: SINGLE (Flyball, 4MD, EV 96.9 MPH)
Jose Ortiz scores
Steven Oney to third
Armando Flores to second
Runner from 3rd tries for Home, SAFE, throw by CF to home
Batting: RHB Leo Lozoya 0-0: Called Strike
0-1: Grounds into double play, 6-4-3 (Groundball, 6, EV 100.6 MPH)
Bottom of the 8th over - 2 runs, 2 hits, 0 errors, 1 left on base; Los Angeles N (SS-A) 3 - Cincinnati (SS-A) 4
TOP OF THE 9TH
Los Angeles N (SS-A) Dodgers batting - Pitching for Cincinnati (SS-A) Reds : LHP Louis Wijker
Pitching: LHP Nelson Espinosa
Now at 2B: Jose Ortiz
Now in LF: Jacopo Baiano
Now in RF: Simon Bracken
Pinch Hitting: RHB Nolan Jones 0-0: Ball
1-0: Foul Ball, location: 9LSF
1-1: Ball
2-1: SOLO HOME RUN (Flyball, 7LD, EV 93.8 MPH), Distance : 366 ft
Pinch Hitting: RHB Francisco Cedeno 0-0: Called Strike
0-1: SINGLE (Groundball, 6MD, EV 104.4 MPH)
Batting: RHB Earl Adams 0-0: Bunt missed!
0-1: Foul Ball, location: 5FF
0-2: Ball
1-2: Ball
Wild Pitch!
Francisco Cedeno to second
2-2: Strikes out swinging, 2-3 out at first.
Pinch Hitting: RHB Devin Gleason 0-0: Ball
Wild Pitch!
Francisco Cedeno to third
1-0: Ball
2-0: Called Strike
2-1: Foul Ball, location: 2F
2-2: SINGLE (Line Drive, 89S, EV 101.3 MPH)
Francisco Cedeno scores
Batting: RHB Nate Gillis 0-0: Called Strike
0-1: Ball
1-1: Ball
2-1: Fielders Choice at 2nd, 6-4 (Groundball, 6, EV 81.9 MPH)
Batting: RHB Adam Averett 0-0: Called Strike
0-1: Foul Ball, location: 25F
0-2: Strikes out swinging
Top of the 9th over - 2 runs, 3 hits, 0 errors, 1 left on base; Los Angeles N (SS-A) 5 - Cincinnati (SS-A) 4
BOTTOM OF THE 9TH
Cincinnati (SS-A) Reds batting - Pitching for Los Angeles N (SS-A) Dodgers : RHP Juan Salazar
Pitching: RHP Rich Londono
Now at C: Alex Gutierrez
Now at 1B: Devin Gleason
Now in CF: Hoyt Craig
Batting: SHB Kyle Brent 0-0: Called Strike
0-1: Ground out 4-3 (Groundball, 13, EV 80.6 MPH)
Pinch Hitting: LHB Paul Chavez 0-0: Ball
1-0: Fly out, F9 (Flyball, 9S, EV 82.5 MPH)
Pinch Hitting: RHB Dustin Keeney 0-0: SINGLE (Groundball, 6MD, EV 109.4 MPH)
Batting: RHB Mike Brenden 0-0: Ball
1-0: Swinging Strike
1-1: Ball
2-1: Called Strike
2-2: Foul Ball, location: 23FF
2-2: Strikes out swinging
Bottom of the 9th over - 0 runs, 1 hit, 0 errors, 1 left on base; Los Angeles N (SS-A) 5 - Cincinnati (SS-A) 4
Sunday, May 12th , 2024 - OOTP Baseball 24.11 Build 85